 Dungeon Crawl Stone Soup version 0.26-a0-818-g75db068ed4 (webtiles) character file.

Game seed: 12463186324427966452

88 Meejax the Sneak (level 4, -1/35 HPs)
             Began as a Demonspawn Delver on Nov 14, 2020.
             Was an Initiate of Trog.
             Succumbed to a kobold's poison
             ... while paralysed
             ... on level 3 of the Dungeon.
             The game lasted 00:03:41 (1534 turns).

Meejax the Sneak (Demonspawn Delver)                Turns: 1534, Time: 00:03:41

Health: -1/35      AC:  8    Str: 13    XL:     4   Next: 29%
Magic:  4/4        EV:  2    Int: 12    God:    Trog [......]
Gold:   59         SH:  0    Dex: 16    Spells: 3/3 levels left

rFire    + + .     SeeInvis .   a - +0 falchion
rCold    . . .     Faith    .   (no shield)
rNeg     . . .     Spirit   .   j - +1 ring mail {rF+}
rPois    .         Reflect  .   h - +1 helmet
rElec    .         Harm     .   (no cloak)
rCorr    .         Rampage  .   (no gloves)
MR       .....                  (no boots)
Stlth    +++.......             (no amulet)
HPRegen  0.11/turn              (no ring)
MPRegen  0.09/turn              (no ring)

@: paralysed, lethally poisoned (-1 -> -16), berserk cooldown, slowed
A: thin skeletal structure 1, fire resistance 1
a: Renounce Religion


You were on level 3 of the Dungeon.
You worshipped Trog.
Trog was noncommittal.
You visited 1 branch of the dungeon, and saw 3 of its levels.

You collected 59 gold pieces.

Inventory:

Hand Weapons
 a - a +0 falchion (weapon)
Armour
 b - a +0 leather armour
 h - a +1 helmet (worn)
 j - a +1 ring mail of fire resistance (worn)
Wands
 g - a wand of digging (3)
Scrolls
 c - a scroll of fog
 d - a scroll of magic mapping
 e - a scroll of fear
 f - 2 scrolls of identify {unknown}
 i - a scroll of teleportation {unknown}


   Skills:
 + Level 3.4 Fighting
 + Level 2.2 Long Blades
 + Level 0.7 Armour
 + Level 2.1 Dodging
 + Level 5.4 Stealth


You had 3 spell levels left.
You didn't know any spells.
Your spell library was empty.

Dungeon Overview and Level Annotations

Branches:
Dungeon (5/15)
 Temple: D:4-7

Altars:
Trog
Uskayaw

Annotations:
D:4 2 transporters, Menkaure


Innate Abilities, Weirdness & Mutations

You have a somewhat thin skeletal structure. (Dex +2, Stealth)
Your flesh is heat resistant. (rF+)


Message History

You miss the leopard gecko.
The leopard gecko is lightly wounded.
* * * LOW HITPOINT WARNING * * *
You feel sick.
The leopard gecko bites you but does no damage.
You barely miss the leopard gecko.
The leopard gecko is lightly wounded.
You are no longer berserk.
You pass out from exhaustion.
You feel yourself slow down.
* * * LOW HITPOINT WARNING * * *
You feel sick.
The leopard gecko bites you but does no damage.
* * * LOW HITPOINT WARNING * * *
You feel sick.
The leopard gecko bites you but does no damage.
* * * LOW HITPOINT WARNING * * *
You feel sick. The leopard gecko bites you.
* * * LOW HITPOINT WARNING * * *
You die...

..... ##.....
## .......
###.. .......
#...##.......
#............
#....(.(...#
#....@†?...#
..
#....l)....#
...
#.........##
...#
#...##...##
....#######.##
####
............#
......#...#.#
........###l#
........# #.#


You could see a leopard gecko.

Vanquished Creatures
  2 hounds
  2 adders (D:4)
  2 orcs (D:3)
  A bat (D:3)
  A giant cockroach (D:3)
  3 jackals (D:4)
  A kobold (D:3)
  2 rats (D:3)
14 creatures vanquished.

Notes
Turn   | Place    | Note
-------+----------+-------------------------------------------
     0 | D:5      | Meejax the Demonspawn Delver began the quest for the Orb.
     0 | D:5      | Reached XP level 1. HP: 18/18 MP: 1/1
    55 | D:5      | Noticed a hound
    68 | D:5      | Killed a hound
    69 | D:5      | Reached skill level 5 in Stealth
    69 | D:5      | Gained mutation: Your flesh is heat resistant. (rF+)
                  | [demonic ancestry]
    69 | D:5      | Reached XP level 2. HP: 5/24 MP: 2/2
   376 | D:5      | Noticed a phantom
   397 | D:4      | Found a hide-covered altar of Uskayaw.
   401 | D:4      | Found a transporter.
   402 | D:4      | Noticed an electric eel
   403 | D:4      | Noticed an electric eel
   414 | D:4      | Reached XP level 3. HP: 14/29 MP: 3/3
   750 | D:4      | Found a transporter.
   767 | D:4      | Gained mutation: You have a somewhat thin skeletal
                  | structure. (Dex +2, Stealth) [demonic ancestry]
   767 | D:4      | Reached XP level 4. HP: 9/35 MP: 4/4
  1082 | D:4      | Noticed Menkaure
  1151 | D:4      | Found a bloodstained altar of Trog.
  1171 | D:4      | Became a worshipper of Trog the Wrathful
  1533 | D:3      | HP: 1/35 [leopard gecko (3)]
  1534 | D:3      | Succumbed to a kobold's poison

Illustrated notes

Levels and vault maps discovered:
D:3:      layout_rooms, marbit_many_paths, minmay_puff
D:4:      gammafunk_steamed_eel, layout_basic, gammafunk_temple_overflow_arena,
          kennysheep_mini, eat_drink_and_be_merry_uskayaw, enter_ossuary_1,
          minmay_misc_feat_hallway, uniq_menkaure
D:5:      layout_gridville, gammafunk_ghost_grave, serial_co_window_serial,
          co_window_paths_a, co_window_paths_a, co_window_paths_a,
          co_window_corner_a, co_window_paths_a, co_window_paths_b,
          co_window_of_opportunity_a, co_window_broadway_b, co_window_corner_cb,
          co_window_2corner, co_window_broadway_b, co_window_4corner_b,
          glass_columns_c, glass_columns_a, glass_columns_b, glass_columns_a,
          glass_columns_a, st_stairs_8, kennysheep_generic_room_14

Skill      XL: |  1  2  3 |
---------------+----------+-----
Long Blades    | 2 |  2.2
Stealth        | 5 |  5.4
Dodging        | 2 |  2.1
Fighting       | |  3.4
Armour         | |  0.7

Action                   |  1- 3 |  4- 6 || total
-------------------------+-------+-------++-------
Melee: Falchion          |    37 |    41 ||    78
  Use: Potion            |     3 |     1 ||     4
 Stab: Sleeping          |     1 |       ||     1
Armor: Leather armour    |    13 |    14 ||    27
       Ring mail         |       |     9 ||     9
       Skin              |       |     2 ||     2
Dodge: Dodged            |    41 |    51 ||    92
       Rpst.: Falchion   |    11 |    16 ||    27

Table legend: (Time is in decaauts)
 A = Elapsed time spent in this place.
 B = Non-inter-level travel time spent in this place.
 C = Inter-level travel time spent in this place.
 D = Time resting spent in this place.
 E = Time spent auto-exploring this place.
 F = Levels seen in this place.
 G = Mean time per level.
                   A        B        C        D        E       F      G
               +--------+--------+--------+--------+--------+-----+--------+
         Total |   1540 |   1520 |     20 |    657 |    401 |   3 |  513.3 |
       Dungeon |   1540 |   1520 |     20 |    657 |    401 |   3 |  513.3 |
               +--------+--------+--------+--------+--------+-----+--------+

Top non-repeatable levels by time:
     D:4: 975 daAuts
     D:5: 399 daAuts
     D:3: 165 daAuts
